 Dungeon Crawl Stone Soup version 0.18.1-50-g88ac8fd (webtiles) character file.

774 Phaedo the Poker (level 7, -4/56 HPs)
             Began as a Merfolk Skald on Oct 25, 2016.
             Engulfed by a cloud of flame (10 damage)
             ... on level 4 of the Dungeon.
             The game lasted 00:16:06 (4724 turns).

Phaedo the Poker (Merfolk Skald)                    Turns: 4724, Time: 00:16:06

Health: -4/56      AC:  7    Str: 13    XL:     7   Next: 84%
Magic:  3/10       EV: 14    Int: 13    God:
Gold:   172        SH:  0    Dex: 13    Spells: 2 memorised, 7 levels left

rFire  . . .     SeeInvis .     a - +0 spear
rCold  . . .     Gourm    .     b - +0 leather armour
rNeg   . . .     Faith    .     (no shield)
rPois  .         Spirit   .     u - +1 helmet
rElec  .         Dismiss  .     (no cloak)
rCorr  .         Reflect  .     (no gloves)
SustAt .         Harm     .     t - +1 pair of boots
MR     .....                    (no amulet)
Stlth  +.........               (no ring)
                                (no ring)

@: infused, very slightly contaminated, not resistant to hostile enchantments,
very unstealthy
A: change form in water, swift swim
a: no special abilities


You were on level 4 of the Dungeon.
You were not hungry.

You visited 1 branch of the dungeon, and saw 4 of its levels.
You also visited: Sewer.

You collected 172 gold pieces.

Inventory:

Hand Weapons
 a - a +0 spear (weapon)
 e - a +0 trident
 y - a +0 hunting sling
Missiles
 h - 215 stones
 j - 2 javelins (quivered)
 k - 31 sling bullets
Armour
 b - a +0 leather armour (worn)
 t - a +1 pair of boots (worn)
 u - a +1 helmet (worn)
Jewellery
 g - an uncursed ring of stealth {unknown}
 p - an uncursed amulet of rage {unknown}
Wands
 D - a wand of hasting (6/9)
Scrolls
 v - a scroll of teleportation
 F - 2 scrolls of remove curse
Potions
 f - 2 potions of heal wounds
 l - a potion of mutation {unknown}
 m - 5 potions of curing
 n - a potion of lignification {unknown}
 q - a potion of berserk rage {unknown}
 z - a potion of brilliance {unknown}
 A - a potion of experience {unknown}
 B - a potion of invisibility {unknown}
 G - a potion of flight {unknown}
Books
 c - a book of Battle

   Spells                             Type                      Level
   a - Infusion                       Charms                       1
   b - Shroud of Golubria             Charms/Translocation         2
   c - Song of Slaying                Charms                       2
   d - Spectral Weapon                Hexes/Charms                 3
   e - Regeneration                   Charms/Necromancy            3
Comestibles
 d - 4 bread rations
 i - 3 meat rations
 o - 2 fruits
 C - a chunk of flesh


   Skills:
 + Level 5.2 Fighting
 + Level 6.8 Polearms
 - Level 0.6 Armour
 + Level 5.4 Dodging
 - Level 2.0 Spellcasting
 + Level 5.4 Charms


You had 7 spell levels left.
You knew the following spells:

 Your Spells              Type           Power        Failure   Level  Hunger
a - Infusion              Chrm           ###.         4%          1    ##.....
b - Song of Slaying       Chrm           ###.....     8%          2    ###....


Dungeon Overview and Level Annotations

Branches:
Dungeon (4/15)
 Temple: D:4-7

Altars:


Message History

The orc wizard is heavily wounded.
The orc wizard barely misses you.
You barely miss the orc wizard.
The orc wizard is heavily wounded.
The orc wizard hits you with a dagger.
You closely miss the orc wizard.
The orc wizard is heavily wounded.
You hit the orc wizard but do no damage.
The orc wizard is heavily wounded.
The orc wizard casts a spell at you. The magic dart hits you!
You hit the orc wizard.
The orc wizard is heavily wounded.
The orc wizard hits you but does no damage.
You hit the orc wizard!
The orc wizard explodes!
The fiery explosion engulfs you!
* * * LOW HITPOINT WARNING * * *
You are engulfed in roaring flames.
You die...

#########
#.......######
#.......#..%.#
#.......#..§@#
#.......#..§)#
#.......#..§§#
#.......#....#
#.......#....#
#.......#....#
######.....##....######
.....#.....#..........#
.....#.....#..........#


There were no monsters in sight!

Vanquished Creatures
  4 big kobolds (Sewer)
  A quasit (D:3)
  A hound (D:3)
  An orc wizard (D:4)
  Natasha (twice) (D:4)
  Terence (D:1)
  4 worker ants
  9 adders
  A river rat (Sewer)
  6 oozes
  6 worms
  4 dart slugs
  2 giant geckos (D:4)
  3 orcs (D:3)
  2 giant cockroaches (D:3)
  6 goblins
  6 hobgoblins
  9 jackals
  11 kobolds
  3 quokkas
  3 ball pythons
  9 bats
  9 giant newts
  13 rats
116 creatures vanquished.

Notes
Turn   | Place    | Note
--------------------------------------------------------------
     0 | D:1      | Phaedo the Merfolk Skald began the quest for the Orb.
     0 | D:1      | Reached XP level 1. HP: 16/16 MP: 3/3
   202 | D:1      | Reached XP level 2. HP: 23/23 MP: 5/5
   232 | D:1      | Learned a level 2 spell: Song of Slaying
   417 | D:1      | You fall through a shaft!
   439 | D:1      | Reached XP level 3. HP: 26/28 MP: 6/6
  1006 | D:2      | Noticed Terence
  1134 | D:1      | Killed Terence
  1134 | D:1      | Reached XP level 4. HP: 19/35 MP: 2/7
  1398 | D:2      | Reached skill level 4 in Polearms
  1772 | D:3      | Reached XP level 5. HP: 32/41 MP: 6/8
  1884 | D:3      | Found a glowing drain.
  1893 | Sewer    | Entered a sewer
  2152 | Sewer    | Noticed a big kobold
  2166 | Sewer    | Killed a big kobold
  2166 | Sewer    | Reached skill level 5 in Polearms
  2166 | Sewer    | Reached XP level 6. HP: 43/48 MP: 5/9
  2550 | Sewer    | Reached XP level 7. HP: 40/55 MP: 10/10
  2646 | Sewer    | Reached skill level 6 in Polearms
  3202 | D:3      | Reached skill level 5 in Dodging
  3202 | D:3      | Reached skill level 5 in Charms
  3698 | D:4      | Noticed Natasha
  3728 | D:4      | Killed Natasha
  3728 | D:4      | Reached skill level 5 in Fighting
  4161 | D:4      | Noticed Natasha
  4167 | D:4      | Killed Natasha
  4598 | D:4      | Noticed a slime creature
  4724 | D:4      | Engulfed by a cloud of flame

Skill      XL: |  1  2  3  4  5  6  7 |
---------------+----------------------+-----
Dodging        | 2 3 4 5 |  5.4
Fighting       | 3 4 5 |  5.2
Polearms       | 4 5 6 |  6.8
Charms         | 4 5 |  5.4
Armour         | |  0.6
Spellcasting   | |  2.0

Action                   |  1- 3 |  4- 6 |  7- 9 || total
-------------------------+-------+-------+-------++-------
Melee: Spear             |   170 |   243 |   248 ||   661
       Tailslap          |       |    16 |     2 ||    18
Throw: Stone             |     2 |       |       ||     2
       Javelin           |       |    12 |     3 ||    15
 Cast: Infusion          |     3 |     4 |    11 ||    18
       Song of Slaying   |       |     1 |     3 ||     4
 Abil: Stop Singing      |       |       |     1 ||     1
  Use: Scroll            |     4 |     2 |     6 ||    12
 Stab: Sleeping          |       |     3 |       ||     3
  Eat: Chunk             |     1 |     5 |     7 ||    13
Armor: Leather armour    |    27 |    41 |    45 ||   113
Dodge: Dodged            |    86 |   123 |   135 ||   344
